[Event "Titled Tuesday Blitz October 26 2021"]
[White "Sellitti, Federico"]
[Black "Gabrielian, Artur"]
[WhiteFideId "821829"]
[BlackFideId "4131002"]
[WhiteElo "2594"]
[BlackElo "2489"]
[Result "0-1"]
[Round "08"]
[TimeControl "180+1"]
[Date "2021.10.26"]
[WhiteClock "0:00:09"]
[BlackClock "0:00:46"]

1. e4 c5 2. Nc3 d6 3. g3 Nc6 4. Bg2 g6 5. d3 Bg7 6. Be3 Nf6 7. h3 O-O 8. Qd2 Rb8 9. Bh6 Bxh6 10. Qxh6 Nd4 11. Qd2 b5 12. Nd1 b4 13. c3 bxc3 14. bxc3 Nc6 15. Ne2 Ba6 16. O-O Ne5 17. c4 Nc6 18. Ne3 Qa5 19. Qxa5 Nxa5 20. Rab1 Nc6 21. Nd5 Nxd5 22. exd5 Ne5 23. Rxb8 Rxb8 24. Nc1 g5 25. f4 gxf4 26. gxf4 Ng6 27. Be4 Bc8 28. Kh2 Rb2+ 29. Kg3 Kg7 30. h4 h5 31. Bxg6 fxg6 32. Rf2 Rb1 33. Ne2 Rd1 34. Rf3 Bf5 35. Re3 Rxd3 36. Kf2 Kf7 37. Nc3 Rd4 38. Kg3 a6 39. Nb5 a5 40. Nxd4 cxd4 41. Ra3 Bc2 42. Rxa5 d3 43. Ra3 d2 44. Rf3 d1=Q 45. c5 dxc5 46. Kf2 Qxd5 47. Re3 Qxa2 48. Re2 c4 49. Ke3 Qa7+ 50. Kd2 Bd3 51. Re5 Qa2+ 52. Ke3 Qe2+ 53. Kd4 Qf2+ 54. Kc3 Qxf4 55. Rc5 Qxh4 56. Rd5 Qf6+ 57. Rd4 Qxd4+ 58. Kxd4 h4 59. Kc3 h3 60. Kd2 h2 61. Ke3 h1=Q 62. Kd4 Qe4+ 63. Kc3 Ke6 64. Kb4 Kd5 65. Ka4 Kc5 66. Ka3 Qe2 67. Ka4 Qa2# 0-1


[Site "https://www.chess.com"]

[Event "Titled Tuesday Blitz October 26 2021"]
[White "Shimelkov, Vasiliy"]
[Black "Samadov, Read"]
[WhiteFideId "13701630"]
[BlackFideId "13417444"]
[WhiteElo "2073"]
[BlackElo "2084"]
[Result "0-1"]
[Round "08"]
[TimeControl "180+1"]
[Date "2021.10.26"]
[WhiteClock "0:00:14"]
[BlackClock "0:00:14"]

1. d4 Nf6 2. Nf3 d5 3. c4 e6 4. Nc3 Bb4 5. Bg5 h6 6. Bxf6 Qxf6 7. e3 O-O 8. Bd3 dxc4 9. Bxc4 c5 10. O-O cxd4 11. Nxd4 Bxc3 12. bxc3 b6 13. e4 Bb7 14. Qe2 Nd7 15. f4 Rac8 16. e5 Qe7 17. Rac1 Nc5 18. Nb5 Ne4 19. Kh1 Qh4 20. Kg1 Rfd8 21. Bd3 Nc5 22. Bb1 Ba6 23. c4 Bxb5 24. cxb5 Rd4 25. Qe3 Rcd8 26. h3 Rd2 27. Rc2 R2d3 28. Qc1 R3d4 29. Rc4 Qe7 30. a4 Qd7 31. Kh2 Rxc4 32. Qxc4 Qd4 33. Qxd4 Rxd4 34. Bc2 Rc4 35. Rf2 Nxa4 36. Bd3 Rd4 37. Be2 Nc5 38. g3 g6 39. Bf3 a5 40. bxa6 Nxa6 41. Rb2 Rb4 42. Ra2 Nc5 43. Kg2 Rb3 44. h4 h5 45. g4 hxg4 46. Bxg4 Nd3 47. Bd1 Nxf4+ 48. Kf2 Rh3 49. Ra8+ Kg7 50. Ra7 Nd3+ 51. Kg2 Rxh4 52. Bb3 Nc5 53. Bc2 Rh5 0-1


[Site "https://www.chess.com"]

[Event "Titled Tuesday Blitz October 26 2021"]
[White "Shipov, Sergei"]
[Black "Anuj Shrivatri"]
[WhiteFideId "4113624"]
[BlackFideId "35070924"]
[WhiteElo "2803"]
[BlackElo "2038"]
[Result "1-0"]
[Round "08"]
[TimeControl "180+1"]
[Date "2021.10.26"]
[WhiteClock "0:00:56"]
[BlackClock "0:00:02"]

1. d4 Nf6 2. c4 e6 3. Nc3 Bb4 4. Qc2 O-O 5. a3 Bxc3+ 6. Qxc3 d5 7. e3 b6 8. cxd5 exd5 9. Bd3 Ba6 10. Ne2 Ne4 11. Qc2 Bxd3 12. Qxd3 a5 13. f3 Nd6 14. O-O f5 15. Nf4 c6 16. Ne6 Qe7 17. Nxf8 Qxf8 18. Bd2 Qe8 19. b3 a4 20. Bb4 Nb5 21. Rac1 axb3 22. Qxb3 Na6 23. a4 Nbc7 24. Bd6 Rb8 25. Rfe1 Qd7 26. Be5 Rb7 27. Qc3 c5 28. dxc5 Nxc5 29. a5 N7e6 30. axb6 Rxb6 31. Red1 Rb3 32. Qc2 g6 33. Qd2 Rb5 34. Rb1 Rxb1 35. Rxb1 Kf7 36. h4 h6 37. Ba1 g5 38. Qc3 Kg6 39. Qf6+ Kh5 40. hxg5 hxg5 41. Kf2 Nd3+ 42. Ke2 Nef4+ 43. exf4 Nxf4+ 44. Kd2 1-0


[Site "https://www.chess.com"]

[Event "Titled Tuesday Blitz October 26 2021"]
[White "Siddharth, Jagadeesh"]
[Black "Siva Mahadevan"]
[WhiteFideId "5818320"]
[BlackFideId "25043153"]
[WhiteElo "2127"]
[BlackElo "2203"]
[Result "1/2-1/2"]
[Round "08"]
[TimeControl "180+1"]
[Date "2021.10.26"]
[WhiteClock "0:00:11"]
[BlackClock "0:00:08"]

1. d4 Nf6 2. c4 g6 3. g3 Bg7 4. Bg2 O-O 5. Nc3 d6 6. e3 Nbd7 7. Nge2 e5 8. O-O Re8 9. Qc2 exd4 10. exd4 Nb6 11. b3 Bf5 12. Qd2 Ne4 13. Nxe4 Bxe4 14. Bxe4 Rxe4 15. f3 Re7 16. Bb2 Qd7 17. Rae1 Rae8 18. Nc1 Qf5 19. Nd3 h5 20. Kg2 Kh7 21. d5 Bxb2 22. Nxb2 Rxe1 23. Rxe1 Rxe1 24. Qxe1 Qc2+ 25. Qf2 Qb1 26. Na4 Nxa4 27. bxa4 b6 28. Qe2 Kg7 29. Qd2 a5 30. Qc3+ Kg8 31. Qb3 Qc1 32. Qb5 Qc2+ 33. Kh3 Qf2 34. Qe8+ Kg7 35. Qe4 Qxa2 36. Qd4+ Kg8 37. f4 Qxa4 38. Kh4 Qd7 39. Kg5 Kh7 40. h3 Qxh3 41. Kf6 Qd7 42. Qe3 Kg8 43. Kg5 Qf5+ 44. Kh6 Qc8 45. Qd4 Qf8+ 46. Kg5 a4 47. f5 Qe7+ 48. f6 Qe5+ 49. Qxe5 dxe5 50. Kh6 a3 51. g4 hxg4 52. d6 cxd6 53. c5 dxc5 54. Kg5 a2 55. Kh6 a1=Q 56. Kg5 Qc1+ 57. Kh4 Qf4 1/2-1/2


[Site "https://www.chess.com"]

[Event "Titled Tuesday Blitz October 26 2021"]
[White "Solon, Nathan"]
[Black "Sadhwani, Raunak"]
[WhiteFideId "2017229"]
[BlackFideId "35093487"]
[WhiteElo "2627"]
[BlackElo "2517"]
[Result "0-1"]
[Round "08"]
[TimeControl "180+1"]
[Date "2021.10.26"]
[WhiteClock "0:00:08"]
[BlackClock "0:00:32"]

1. b3 e5 2. Bb2 Nc6 3. e3 Nf6 4. c4 d5 5. cxd5 Nxd5 6. a3 Be6 7. Qc2 Qd7 8. Nf3 f6 9. b4 O-O-O 10. b5 Na5 11. d4 e4 12. Nfd2 f5 13. Nc3 b6 14. Be2 Kb8 15. O-O g5 16. Rfc1 Bd6 17. Nxd5 Bxd5 18. Bc3 Nb7 19. Bc4 Qf7 20. Bb2 Na5 21. Bxd5 Qxd5 22. Bc3 Nb7 23. Bb4 Qf7 24. Nc4 Rhe8 25. Nxd6 cxd6 26. a4 Rc8 27. Qd2 f4 28. a5 bxa5 29. Bxa5 f3 30. b6 Qd7 31. bxa7+ Ka8 32. h3 g4 33. g3 gxh3 34. Kh2 h5 35. Bb6 h4 36. Rg1 Rc6 37. Qb2 Rec8 38. Rac1 hxg3+ 39. fxg3 f2 40. Rgf1 Rxc1 41. Rxc1 Rf8 42. Rf1 Qf5 43. d5 Qf3 44. Rxf2 Qxf2+ 45. Qxf2 Rxf2+ 46. Kxh3 Rb2 0-1


[Site "https://www.chess.com"]

[Event "Titled Tuesday Blitz October 26 2021"]
[White "Sonis, Francesco"]
[Black "Jones, Gawain C B"]
[WhiteFideId "895733"]
[BlackFideId "409561"]
[WhiteElo "2373"]
[BlackElo "2657"]
[Result "0-1"]
[Round "08"]
[TimeControl "180+1"]
[Date "2021.10.26"]
[WhiteClock "0:00:02"]
[BlackClock "0:00:32"]

1. d4 Nf6 2. c4 g6 3. g3 Bg7 4. Bg2 O-O 5. Nc3 d6 6. Nf3 c5 7. O-O Nc6 8. dxc5 dxc5 9. Bf4 Nh5 10. Be3 b6 11. Qa4 Bd7 12. Rad1 Nd4 13. Qa6 e5 14. Rd2 Qc8 15. Qxc8 Raxc8 16. Nd5 Rfe8 17. Bg5 f6 18. Be3 Be6 19. b3 Bxd5 20. cxd5 Rcd8 21. Ne1 f5 22. Nc2 f4 23. Bxd4 exd4 24. Rfd1 Bh6 25. Rd3 Rxe2 26. Na3 Rxa2 27. Nc4 Nf6 28. d6 b5 29. Ne5 Rxd6 30. b4 cxb4 31. Rxd4 Rxd4 32. Rxd4 Ra1+ 33. Bf1 a5 34. Rd8+ Kg7 35. Kg2 b3 36. Rb8 b2 37. Rb7+ Kg8 38. Rb8+ Bf8 39. Bd3 b1=Q 40. Bxb1 Rxb1 0-1


[Site "https://www.chess.com"]

[Event "Titled Tuesday Blitz October 26 2021"]
[White "Sorokin, Aleksey"]
[Black "Le, Tuan Minh"]
[WhiteFideId "24176460"]
[BlackFideId "12401153"]
[WhiteElo "2476"]
[BlackElo "2450"]
[Result "1-0"]
[Round "08"]
[TimeControl "180+1"]
[Date "2021.10.26"]
[WhiteClock "0:00:32"]
[BlackClock "0:00:01"]

1. e4 c5 2. Nf3 Nf6 3. Nc3 d5 4. exd5 Nxd5 5. Bb5+ Bd7 6. Qe2 Nf6 7. d4 cxd4 8. Nxd4 a6 9. Bxd7+ Qxd7 10. Be3 e6 11. O-O-O Qc7 12. g4 Bb4 13. g5 Bxc3 14. gxf6 Bxd4 15. Bxd4 gxf6 16. Rd3 Nc6 17. Rhd1 Nxd4 18. Rxd4 Ke7 19. Rd7+ Qxd7 20. Rxd7+ Kxd7 21. Qf3 Rhd8 22. Qxf6 Ke8 23. Qh8+ Ke7 24. Qxh7 Rd5 25. Qh4+ Kd7 26. Qb4 Kc7 27. Qf4+ Kc6 28. Qxf7 Rd6 29. h4 Rad8 30. b3 R8d7 31. Qf3+ Kc7 32. h5 e5 33. Qc3+ Rc6 34. Qxe5+ Kd8 35. h6 Re7 36. Qb8+ Rc8 37. Qd6+ Rd7 38. Qb6+ Rcc7 39. f4 Rh7 40. Qg6 1-0


[Site "https://www.chess.com"]

[Event "Titled Tuesday Blitz October 26 2021"]
[White "Svane, Rasmus"]
[Black "Zierk, Steven"]
[WhiteFideId "4657101"]
[BlackFideId "2034255"]
[WhiteElo "2643"]
[BlackElo "2494"]
[Result "0-1"]
[Round "08"]
[TimeControl "180+1"]
[Date "2021.10.26"]
[WhiteClock "0:00:02"]
[BlackClock "0:00:17"]

1. Nf3 d5 2. g3 Nf6 3. Bg2 Bg4 4. O-O e6 5. h3 Bxf3 6. Bxf3 c5 7. c4 Nc6 8. e3 Be7 9. cxd5 exd5 10. Nc3 O-O 11. d4 cxd4 12. exd4 Qb6 13. Be3 Rfd8 14. Rb1 Rac8 15. Re1 h6 16. a3 Na5 17. Bf4 Bf8 18. Be5 Nc4 19. Bxf6 Qxf6 20. Nxd5 Qf5 21. Nc3 Nxb2 22. Rxb2 Rxc3 23. Bxb7 Qxh3 24. Bg2 Qf5 25. Rb3 Rxb3 26. Qxb3 Rxd4 27. Re8 Qc5 28. Bf3 Rd2 29. Qe3 Qxe3 30. Rxe3 Bc5 31. Re2 Rxe2 32. Bxe2 Bxa3 33. Ba6 Kf8 34. Kg2 Ke7 35. Kf3 Bc5 36. Ke2 Kd6 37. f4 f5 38. Kf3 Bd4 39. g4 fxg4+ 40. Kxg4 Bf6 41. Kf5 Kc5 42. Ke4 Kb6 43. Bc4 a5 44. Kd3 Kc5 45. Bf7 a4 46. f5 a3 47. Ke4 h5 48. Kf3 h4 49. Kg4 Kb4 50. Be6 Kc3 51. Kh3 Kb2 0-1


[Site "https://www.chess.com"]

[Event "Titled Tuesday Blitz October 26 2021"]
[White "Sviridov, Valery"]
[Black "Nakamura, Hikaru"]
[WhiteFideId "4120680"]
[BlackFideId "2016192"]
[WhiteElo "2454"]
[BlackElo "2884"]
[Result "1/2-1/2"]
[Round "08"]
[TimeControl "180+1"]
[Date "2021.10.26"]
[WhiteClock "0:00:25"]
[BlackClock "0:00:16"]

1. d4 f5 2. g3 Nf6 3. Bg2 g6 4. Nf3 Bg7 5. O-O O-O 6. c4 d6 7. Nc3 c6 8. b3 Qa5 9. Bb2 e5 10. dxe5 dxe5 11. e4 f4 12. Qd6 Ne8 13. Qd2 Qc7 14. Rad1 Be6 15. Qd8 Qxd8 16. Rxd8 Bf6 17. Rd2 Nd7 18. Rfd1 Rf7 19. Na4 g5 20. Ne1 Bg7 21. Nd3 f3 22. Bf1 b6 23. Nb4 Rc8 24. h3 h5 25. Re1 g4 26. h4 Re7 27. Red1 Bh6 28. Rc2 Bf7 29. Bc1 Bxc1 30. Rcxc1 Nef6 31. Nc3 Nc5 32. Re1 Rd7 33. Re3 a5 34. Nd3 Nxd3 35. Rxd3 Rd4 36. Rxd4 exd4 37. Na4 Nxe4 38. Nxb6 Rd8 39. Bd3 Nc5 40. Rd1 Nxd3 41. Rxd3 Bg6 42. Rd2 d3 43. Na4 Kf7 44. Kf1 Kf6 45. Ke1 Ke5 46. Nc5 Re8 47. Kd1 Kd4 48. Na4 Bf5 49. Rb2 c5 50. Rd2 Re6 51. Rb2 Bg6 52. Rd2 Bf5 53. Rb2 Re7 54. Rd2 Rf7 55. Rb2 Rf6 56. Rd2 Re6 1/2-1/2


[Site "https://www.chess.com"]

[Event "Titled Tuesday Blitz October 26 2021"]
[White "Tanenbaum, Zachary"]
[Black "Koutlas, Nikolaos"]
[WhiteFideId "2060850"]
[BlackFideId "25827138"]
[WhiteElo "2165"]
[BlackElo "1525"]
[Result "1-0"]
[Round "08"]
[TimeControl "180+1"]
[Date "2021.10.26"]
[WhiteClock "0:00:29"]
[BlackClock "0:00:31"]

1. e4 c5 2. Nf3 Nc6 3. Nc3 g6 4. d4 cxd4 5. Nxd4 Bg7 6. Be3 Nf6 7. Bc4 O-O 8. Bb3 d6 9. h3 Na5 10. O-O Nxb3 11. axb3 b6 12. f4 Bb7 13. Qd3 a6 14. f5 Rc8 15. Rf2 b5 16. Raf1 b4 17. Nd5 Nxd5 18. exd5 Bxd5 19. fxg6 hxg6 20. Nf5 gxf5 21. Qxd5 e6 22. Qf3 d5 23. Qg3 Qf6 24. Bf4 Qg6 25. Qe3 e5 26. Bxe5 Rce8 27. Rxf5 f6 28. Qg3 Qxg3 29. Bxg3 Re2 30. R1f2 Rxf2 31. Rxf2 Rc8 32. Rd2 f5 33. Rxd5 Rxc2 34. Rxf5 Rxb2 35. Rg5 Kf7 36. Rxg7+ 1-0


[Site "https://www.chess.com"]

[Event "Titled Tuesday Blitz October 26 2021"]
[White "Timofeev, Artyom"]
[Black "Begmuratov, Khumoyun"]
[WhiteFideId "4140419"]
[BlackFideId "14210207"]
[WhiteElo "2591"]
[BlackElo "1948"]
[Result "1-0"]
[Round "08"]
[TimeControl "180+1"]
[Date "2021.10.26"]
[WhiteClock "0:01:02"]
[BlackClock "0:00:13"]

1. c4 Nf6 2. Nc3 g6 3. g3 Bg7 4. Bg2 O-O 5. d3 d6 6. Nf3 e5 7. O-O Re8 8. Bg5 h6 9. Bxf6 Qxf6 10. Nd2 c6 11. Rc1 Be6 12. b4 Qd8 13. b5 Qc7 14. bxc6 bxc6 15. Qa4 Rc8 16. Nb3 Nd7 17. Na5 Nc5 18. Qa3 Bd7 19. Rb1 Rab8 20. h4 Rb6 21. Nb3 Ra6 22. Qc1 Ne6 23. e3 Rb8 24. h5 Rab6 25. hxg6 fxg6 26. Qc2 Be8 27. Nd2 Qe7 28. Rxb6 Rxb6 29. Nde4 h5 30. Rb1 g5 31. Rxb6 axb6 32. Qb3 Nc5 33. Nxc5 bxc5 34. a4 h4 35. a5 hxg3 36. fxg3 g4 37. Qb8 Bh6 38. Bxc6 Qg5 39. Qxe8+ Kg7 40. Nd5 Qf5 41. Qd7+ 1-0


[Site "https://www.chess.com"]

[Event "Titled Tuesday Blitz October 26 2021"]
[White "Trost, Edvin"]
[Black "Budrewicz, Krzysztof"]
[WhiteFideId "1729519"]
[BlackFideId "1127950"]
[WhiteElo "2026"]
[BlackElo "2242"]
[Result "0-1"]
[Round "08"]
[TimeControl "180+1"]
[Date "2021.10.26"]
[WhiteClock "0:01:42"]
[BlackClock "0:00:38"]

1. e4 g6 2. d4 Bg7 3. Nc3 c5 4. dxc5 Bxc3+ 5. bxc3 Nc6 6. Nf3 Qa5 7. Bd3 Qxc3+ 8. Nd2 Qxa1 9. O-O Nf6 10. Nc4 O-O 11. Qf3 Ne5 12. Qf4 Nxc4 13. Bxc4 Qd4 14. Bd3 Qxc5 15. Bb2 d6 16. Qh6 e5 17. Bc1 Be6 18. Bg5 Ng4 19. Qh4 f6 20. Bc1 f5 21. h3 fxe4 22. Bxe4 Nxf2 23. Rxf2 Qxf2+ 24. Qxf2 Rxf2 25. Kxf2 d5 26. Bf3 Rc8 27. Bd1 Bf5 28. Ke3 Bxc2 29. Bg4 Bf5 30. Ba3 Bxg4 31. hxg4 Rc4 32. Bd6 Kf7 33. Kf3 Ke6 34. Bb8 a6 35. Ba7 Ra4 36. Bf2 Ra3+ 37. Be3 d4 38. g5 Rxe3+ 39. Kg4 Re2 40. a4 d3 41. a5 d2 42. Kh4 d1=Q 43. g4 Qh1+ 44. Kg3 Re3+ 45. Kf2 Qe1+ 46. Kg2 Rg3+ 47. Kh2 Qg1# 0-1


[Site "https://www.chess.com"]

[Event "Titled Tuesday Blitz October 26 2021"]
[White "Vakhlamov, Igor L."]
[Black "Yoo, Christopher Woojin"]
[WhiteFideId "24126748"]
[BlackFideId "30909694"]
[WhiteElo "2416"]
[BlackElo "2105"]
[Result "0-1"]
[Round "08"]
[TimeControl "180+1"]
[Date "2021.10.26"]
[WhiteClock "0:01:36"]
[BlackClock "0:01:41"]

1. e4 e5 2. Nf3 Nc6 3. Nc3 Nf6 4. Bb5 Nd4 5. Bc4 Bc5 6. d3 d6 7. Na4 Bg4 8. Nxc5 dxc5 9. c3 Nxf3+ 10. gxf3 Be6 11. Bxe6 fxe6 12. Be3 Qd6 13. Qa4+ c6 14. O-O-O O-O 15. Rhg1 Nh5 16. Rg5 Nf4 17. Bxf4 Rxf4 18. d4 exd4 19. cxd4 Rxf3 20. dxc5 Qf4+ 21. Kb1 Qxg5 22. Qb3 Rxb3 0-1


[Site "https://www.chess.com"]

[Event "Titled Tuesday Blitz October 26 2021"]
[White "Wagh Suyog"]
[Black "Golubev, Mikhail"]
[WhiteFideId "25071688"]
[BlackFideId "14100983"]
[WhiteElo "2219"]
[BlackElo "2374"]
[Result "0-1"]
[Round "08"]
[TimeControl "180+1"]
[Date "2021.10.26"]
[WhiteClock "0:00:57"]
[BlackClock "0:01:30"]

1. e4 c5 2. Nf3 d6 3. d4 Nf6 4. Nc3 cxd4 5. Nxd4 g6 6. Bc4 Bg7 7. f3 O-O 8. Be3 Nc6 9. Qd2 Bd7 10. O-O-O Ne5 11. Bb3 Rc8 12. h4 h5 13. g4 hxg4 14. h5 Nxh5 15. Bh6 e6 16. Bxg7 Kxg7 17. fxg4 Nxg4 18. Rdg1 Nhf6 19. Qg5 Rc5 20. Qd2 Rh8 21. Nf3 Rxh1 22. Rxh1 Bc6 23. Qd4 e5 24. Qg1 Rxc3 25. bxc3 Bxe4 26. Qg3 Qc8 27. Kb2 Qc6 28. Rf1 Ne3 29. Rf2 Nd1+ 0-1


[Site "https://www.chess.com"]

[Event "Titled Tuesday Blitz October 26 2021"]
[White "Yeletsky, Ivan"]
[Black "Sapunov, Evgeny"]
[WhiteFideId "24180327"]
[BlackFideId "4126661"]
[WhiteElo "2352"]
[BlackElo "2470"]
[Result "0-1"]
[Round "08"]
[TimeControl "180+1"]
[Date "2021.10.26"]
[WhiteClock "0:00:01"]
[BlackClock "0:00:38"]

1. c4 Nf6 2. Nc3 g6 3. e4 d6 4. d4 Bg7 5. Nf3 O-O 6. Bg5 h6 7. Bh4 g5 8. Bg3 Nh5 9. Be2 c5 10. d5 Nxg3 11. hxg3 e6 12. Nd2 a6 13. a4 Nd7 14. O-O Rb8 15. Qc2 Re8 16. Ra3 Nf6 17. Nd1 exd5 18. cxd5 b5 19. axb5 axb5 20. Ne3 c4 21. b3 c3 22. e5 Rxe5 23. Nf3 Re8 24. b4 Ne4 25. g4 Qb6 26. Nf5 Bxf5 27. gxf5 g4 28. Bd3 gxf3 29. Bxe4 fxg2 30. Kxg2 Qd4 31. f3 Qxb4 32. Rb3 Qd4 33. Rd1 Qc5 34. Kh3 Bf6 35. Rg1+ Qxg1 36. Rb1 Qe3 37. Qh2 Kh7 38. Rg1 Rg8 39. Rxg8 Rxg8 40. Qxd6 Qg1 0-1


[Site "https://www.chess.com"]

[Event "Titled Tuesday Blitz October 26 2021"]
[White "Bluebaum, Matthias"]
[Black "Ibarra Jerez, Jose Carlos"]
[WhiteFideId "24651516"]
[BlackFideId "2226332"]
[WhiteElo "2681"]
[BlackElo "2626"]
[Result "1-0"]
[Round "09"]
[TimeControl "180+1"]
[Date "2021.10.26"]
[WhiteClock "0:00:54"]
[BlackClock "0:00:29"]

1. d4 Nf6 2. Nf3 g6 3. Nc3 d5 4. Bf4 Bg7 5. e3 a6 6. h3 c5 7. dxc5 Nbd7 8. b4 Ne4 9. Nxd5 Nc3 10. Nc7+ Kf8 11. Qd3 Ra7 12. Be5 Bxe5 13. Nxe5 Nxa2 14. Qd4 Qxc7 15. Nxg6+ fxg6 16. Qxh8+ Kf7 17. Bc4+ e6 18. Qxh7+ Kf6 19. Bxa2 Ne5 20. Qxc7 1-0


[Site "https://www.chess.com"]

[Event "Titled Tuesday Blitz October 26 2021"]
[White "Budrewicz, Krzysztof"]
[Black "Gokerkan, Cem Kaan"]
[WhiteFideId "1127950"]
[BlackFideId "6336760"]
[WhiteElo "2242"]
[BlackElo "2382"]
[Result "0-1"]
[Round "09"]
[TimeControl "180+1"]
[Date "2021.10.26"]
[WhiteClock "0:00:02"]
[BlackClock "0:00:23"]

1. d4 Nf6 2. c4 e6 3. Nf3 b6 4. g3 Ba6 5. b3 b5 6. c5 d6 7. cxd6 cxd6 8. Bg2 Bb7 9. O-O Be7 10. Bg5 O-O 11. Nc3 b4 12. Na4 Nbd7 13. e3 Nb6 14. Bxf6 Bxf6 15. Nxb6 Qxb6 16. Nd2 Bxg2 17. Kxg2 Rfc8 18. Nc4 Qc6+ 19. Qf3 d5 20. Ne5 Bxe5 21. dxe5 Qc3 22. Qf4 a5 23. h4 h6 24. g4 a4 25. Rab1 Qd2 26. g5 h5 27. Rfd1 Qxa2 28. bxa4 Rc4 29. Ra1 Qc2 30. Rd4 b3 31. Rad1 b2 32. g6 Qxg6+ 33. Kh2 Rxd4 34. Qxd4 b1=Q 0-1


[Site "https://www.chess.com"]

[Event "Titled Tuesday Blitz October 26 2021"]
[White "Cardoso Cardoso, Jose Gabriel"]
[Black "Ghazarian, Kirk"]
[WhiteFideId "4430492"]
[BlackFideId "30908604"]
[WhiteElo "2343"]
[BlackElo "2003"]
[Result "1/2-1/2"]
[Round "09"]
[TimeControl "180+1"]
[Date "2021.10.26"]
[WhiteClock "0:00:04"]
[BlackClock "0:00:05"]

1. c4 b6 2. e4 Bb7 3. Nc3 e6 4. f4 Bb4 5. Nge2 Nf6 6. d3 d5 7. e5 d4 8. exf6 dxc3 9. bxc3 Qxf6 10. Qd2 Bd6 11. Bb2 Nd7 12. Rg1 Qh4+ 13. g3 Qxh2 14. O-O-O Nf6 15. g4 O-O-O 16. Rg3 h5 17. g5 Ng4 18. Bh3 Nf2 19. Rf1 Nxh3 20. Qe3 Nxg5 21. Rxg5 g6 22. a4 Rhe8 23. a5 e5 24. fxe5 Rxe5 25. Rxe5 Qxe5 26. Qxe5 Bxe5 27. Rxf7 h4 28. d4 Bg3 29. Kd2 Be4 30. axb6 axb6 31. Nxg3 hxg3 32. Ke3 g2 33. Kf2 Rh8 34. Rf4 Rh1 35. Rg4 Rf1+ 36. Ke3 g1=Q+ 37. Rxg1 Rxg1 38. Kxe4 Rb1 39. Ba3 Kd7 40. Kd3 Re1 41. Kd2 Re8 42. Kd3 c6 43. Bc1 Ra8 44. Bf4 Ke6 45. Bc7 b5 46. d5+ Kd7 47. Bg3 bxc4+ 48. Kxc4 Ra4+ 49. Kb3 Rg4 50. dxc6+ Kxc6 51. Be5 Kd5 52. Bf6 Rc4 53. Kc2 Rc8 54. Kd3 Rc6 55. Bd4 g5 56. Ke3 Re6+ 57. Kf3 Re7 58. Kg4 Re4+ 59. Kxg5 Re1 60. Kf4 Rd1 61. Ke3 Kc4 62. Ke4 Ra1 63. Ke3 Ra6 64. Ke4 Re6+ 65. Be5 Kc5 66. Kf5 Rc6 67. Ke4 Rc8 68. Bd4+ Kc4 69. Ke5 Re8+ 70. Kd6 Rg8 71. Ke5 Rg6 72. Kf5 Ra6 73. Ke4 Re6+ 74. Be5 Ra6 75. Kf5 Ra1 76. Bd4 Re1 77. Kf4 Kd5 78. Kf3 Re7 79. Kf4 Re4+ 80. Kf3 Re6 81. Kf4 Re8 82. Kf3 Ke6 83. Ke4 Kd6+ 84. Kd3 Rc8 85. c4 Kc6 86. Kc3 Ra8 87. Be5 Ra3+ 88. Kb4 Re3 89. Bd4 Re4 90. Bc3 Rh4 91. Bf6 Rh5 92. Be7 Kd7 93. Bc5 Kc6 94. Bd4 Rh1 95. Be5 Rb1+ 96. Kc3 Rb7 97. Bf6 Rf7 98. Bd4 Rf4 99. Be5 Rg4 100. Kb4 Re4 101. Bc3 Re3 102. Bd4 Re2 103. Bc3 Rc2 104. Bf6 Rc1 105. Kb3 Kd6 106. Bg5 Rg1 107. Bf4+ Ke6 108. Kb4 Kf5 109. Be3 Re1 110. Bb6 Rd1 111. Kb5 Ke6 112. Kc6 Rc1 113. c5 Rc2 114. Kb7 Kd7 115. Ba7 Rc4 116. Bb6 Rc2 117. Ba7 Rb2+ 118. Bb6 Rc2 1/2-1/2


[Site "https://www.chess.com"]

[Event "Titled Tuesday Blitz October 26 2021"]
[White "Chernobay, Artem"]
[Black "Vakhlamov, Igor L."]
[WhiteFideId "4167406"]
[BlackFideId "24126748"]
[WhiteElo "2480"]
[BlackElo "2416"]
[Result "1-0"]
[Round "09"]
[TimeControl "180+1"]
[Date "2021.10.26"]
[WhiteClock "0:00:17"]
[BlackClock "0:00:02"]

1. d4 d5 2. c4 c6 3. Nf3 Nf6 4. Nc3 a6 5. c5 Nbd7 6. Bf4 Nh5 7. Bd2 Nhf6 8. Bf4 Nh5 9. Bd2 g6 10. e4 dxe4 11. Nxe4 Bg7 12. Bc4 O-O 13. O-O Ndf6 14. Nxf6+ Nxf6 15. h3 Nd5 16. Bg5 h6 17. Bh4 Bf5 18. Qb3 b5 19. Bxd5 cxd5 20. Rfe1 Be4 21. Ne5 Bxe5 22. dxe5 g5 23. Bg3 e6 24. Qe3 Kh7 25. b4 a5 26. a4 Qd7 27. Rec1 Rfc8 28. f3 Bf5 29. axb5 Qxb5 30. bxa5 Rxa5 31. Rxa5 Qxa5 32. h4 gxh4 33. Bxh4 Qb4 34. Bf2 Rc6 35. Ra1 Qb2 36. Ra4 Qb1+ 37. Kh2 Qd3 38. Qf4 Bg6 39. Be3 Rc8 40. Qxh6+ Kg8 41. Rh4 Bh7 42. Rg4+ Bg6 43. Bg5 Qf5 44. Rh4 Bh7 45. Bf6 Qg6 46. Rg4 Rxc5 47. Rxg6+ Bxg6 48. Qg7# 1-0


[Site "https://www.chess.com"]

[Event "Titled Tuesday Blitz October 26 2021"]
[White "Costachi, Mihnea"]
[Black "Le Goff, Ronan"]
[WhiteFideId "1217518"]
[BlackFideId "612073"]
[WhiteElo "2482"]
[BlackElo "2276"]
[Result "1-0"]
[Round "09"]
[TimeControl "180+1"]
[Date "2021.10.26"]
[WhiteClock "0:00:57"]
[BlackClock "0:00:07"]

1. d4 Nf6 2. Bg5 d5 3. e3 e6 4. Nf3 h6 5. Bh4 Be7 6. Be2 O-O 7. O-O b6 8. c4 Bb7 9. cxd5 Nxd5 10. Bg3 Nf6 11. Nc3 Nbd7 12. Rc1 c5 13. Qc2 Rc8 14. Rfd1 cxd4 15. Nxd4 Ne4 16. Bb5 Nxc3 17. bxc3 Ba3 18. Nxe6 fxe6 19. Rxd7 Qg5 20. Rcd1 Bd5 21. Qa4 Rxc3 22. e4 Bxa2 23. Qxa7 Bc5 24. Qxa2 Rxg3 25. hxg3 Bxf2+ 26. Qxf2 Rxf2 27. Kxf2 Qxb5 28. Rc7 Qb2+ 29. Kg1 Qe2 30. Rdd7 Qxe4 31. Rxg7+ Kh8 32. Rgd7 Qe3+ 33. Kh2 Qg5 34. Rc8+ Qg8 35. Rxg8+ Kxg8 36. Rd6 e5 37. Rxh6 e4 38. Rxb6 e3 39. Re6 e2 1-0


[Site "https://www.chess.com"]

[Event "Titled Tuesday Blitz October 26 2021"]
[White "Cunjalo, Faris"]
[Black "Weetik, Vjacheslav"]
[WhiteFideId "14410710"]
[BlackFideId "4153472"]
[WhiteElo "2234"]
[BlackElo "2469"]
[Result "0-1"]
[Round "09"]
[TimeControl "180+1"]
[Date "2021.10.26"]
[WhiteClock "0:00:48"]
[BlackClock "0:00:38"]

1. d4 g6 2. e4 Bg7 3. Nc3 d6 4. Nf3 a6 5. Be2 b5 6. a4 b4 7. Nd5 a5 8. O-O Bb7 9. h4 h6 10. Re1 Nd7 11. c3 e6 12. Nf4 Ngf6 13. Bd3 O-O 14. Bd2 c5 15. e5 dxe5 16. dxe5 Ng4 17. Bxg6 fxg6 18. Nxe6 Bxf3 19. Nxd8 Bxd1 20. Ne6 Bb3 21. Nxf8 Nxf8 22. Bf4 Ne6 23. Bg3 h5 24. f3 Nh6 25. cxb4 axb4 26. a5 Nf5 27. Bf2 Nfd4 0-1


[Site "https://www.chess.com"]

[Event "Titled Tuesday Blitz October 26 2021"]
[White "Djordjevic, Vuk"]
[Black "Jones, Gawain C B"]
[WhiteFideId "902098"]
[BlackFideId "409561"]
[WhiteElo "2463"]
[BlackElo "2657"]
[Result "0-1"]
[Round "09"]
[TimeControl "180+1"]
[Date "2021.10.26"]
[WhiteClock "0:00:03"]
[BlackClock "0:00:04"]

1. d4 Nf6 2. Bg5 g6 3. Bxf6 exf6 4. c4 Bg7 5. Nc3 f5 6. e3 c5 7. dxc5 Bxc3+ 8. bxc3 Qa5 9. Qd4 O-O 10. Nf3 Nc6 11. Qf6 Qxc5 12. h4 Re8 13. Be2 b6 14. h5 Qe7 15. Qh4 Qxh4 16. Rxh4 Ba6 17. Rd1 Re7 18. c5 Bxe2 19. Kxe2 b5 20. a4 Rb8 21. Rb1 bxa4 22. Rxb8+ Nxb8 23. Rxa4 Nc6 24. Nd4 Kg7 25. Ra6 Re5 26. Nxc6 dxc6 27. hxg6 Rxc5 28. gxh7 Kxh7 29. Rxa7 Rxc3 30. Rxf7+ Kg6 31. Rc7 Rc2+ 32. Kf3 Kf6 33. Rc8 Ke6 34. g3 c5 35. Re8+ Kd5 36. Rf8 Ke5 37. Re8+ Kd6 38. Rd8+ Ke7 39. Rc8 c4 40. Rc5 Ke6 41. Rc6+ Kd5 42. Rc8 c3 43. Rc7 Kd6 44. Rc4 Ke5 45. Rc8 Kd5 46. Kg2 Rc1 47. Kf3 Ke5 48. Ke2 Ke4 49. Rc4+ Kd5 50. Kd3 Rd1+ 51. Ke2 Rd2+ 0-1


[Site "https://www.chess.com"]